 Dungeon Crawl Stone Soup version 0.23.2-30-g0e89c35 (webtiles) character file.

Game seed: 15296698521644700225

184 Fortress the Firebug (level 5, 0/38 HPs)
             Began as a Draconian Fire Elementalist on June 14, 2019.
             Slain by a centaur zombie (5 damage)
             ... in an ossuary.
             The game lasted 00:11:17 (3458 turns).

Fortress the Firebug (Draconian Fire Elementalist)  Turns: 3458, Time: 00:11:17

Health: 0/38       AC:  5    Str: 10    XL:     5   Next: 36%
Magic:  4/10       EV: 12    Int: 16    God:
Gold:   267        SH:  0    Dex: 12    Spells: 10/11 levels left

rFire    . . .     SeeInvis .   m - +3 dagger (speed)
rCold    . . .     Gourm    .   (no shield)
rNeg     . . .     Faith    .   (armour unavailable)
rPois    .         Spirit   .   (helmet restricted)
rElec    .         Reflect  .   (no cloak)
rCorr    .         Harm     .   (no gloves)
MR       .....                  (no boots)
Stlth    ++........             (no amulet)
HPRegen  0.12/turn              (no ring)
MPRegen  0.12/turn              (no ring)

@: very slightly contaminated
A: unfitting armour, cold-blooded, AC +5
a: no special abilities


You were in an ossuary.
You were not hungry.

You visited 1 branch of the dungeon, and saw 4 of its levels.
You also visited: Ossuary.

You collected 267 gold pieces.

Inventory:

Hand Weapons
 m - a +3 dagger of speed (weapon)
 t - a +0 blowgun
 v - a +1 hand axe of electrocution
Missiles
 d - 111 stones (quivered)
 g - 23 poisoned needles
 n - 6 needles of paralysis
Jewellery
 i - an uncursed ring of protection from fire {unknown}
 u - an uncursed ring of see invisible {unknown}
Scrolls
 a - a scroll of enchant armour {unknown}
 e - a scroll of blinking
 h - 7 scrolls of identify
 j - 2 scrolls of remove curse
 o - a scroll of fear
 p - a scroll of enchant weapon
Potions
 c - a potion of haste {unknown}
 f - a potion of cancellation {unknown}
 k - 2 potions of heal wounds {unknown}
 l - 3 potions of curing
 r - 2 potions of magic {unknown}
 s - a potion of degeneration {unknown}
 w - a potion of flight {unknown}
Comestibles
 b - 8 rations


   Skills:
 - Level 0.6 Short Blades
 - Level 2.0 Dodging
 - Level 2.0 Stealth
 + Level 3.6 Spellcasting
 + Level 2.3 Conjurations
 + Level 4.2 Fire Magic


You had 10 spell levels left.
You knew the following spells:

 Your Spells              Type           Power        Failure   Level  Hunger
a - Flame Tongue          Conj/Fire      ##...        4%          1    None

Your spell library contained the following spells:

 Spells                   Type           Power        Failure   Level  Hunger
 Throw Flame              Conj/Fire      ##....       7%          2    ##.....
 Conjure Flame            Conj/Fire      ##......     14%         3    ###....
 Confusing Touch          Hex            #.....       19%         1    None
 Inner Flame              Hex/Fire       #.......     22%         3    ###....
 Sticky Flame             Conj/Fire      ##......     41%         4    ####...
 Confuse                  Hex            #.......     47%         3    ###....
 Gell's Gravitas          Tloc           #.........   47%         3    ###....
 Fireball                 Conj/Fire      ##........   77%         5    ######.
 Petrify                  Tmut/Erth      #.......     87%         4    ####...
 Metabolic Englaciation   Hex/Ice        #.........   99%         5    ######.
 Yara's Violent Unravell  Hex/Tmut       #.........   99%         5    ######.


Dungeon Overview and Level Annotations

Branches:
Dungeon (4/15)
 Temple: D:4-7

Altars:


Innate Abilities, Weirdness & Mutations

Your plain brown scales are hard. (AC +5)
You cannot fit into any form of body armour.
You are cold-blooded and may be slowed by cold attacks.


Message History

Casting: Flame Tongue (safe; 4% risk of failure)
Confirm with . or Enter, or press ? or * to list all spells.
Aiming: Flame Tongue (safe; 4% risk of failure)
Press: ? - help, Shift-Dir - straight line, f/p - centaur zombie
Aim: a centaur zombie (heavily damaged)
The flame tongue hits the centaur zombie!
The centaur zombie is almost destroyed.
The centaur zombie hits you but does no damage.
The centaur zombie fails to trigger a net trap.
The centaur zombie hits you.
* * * LOW HITPOINT WARNING * * *
Casting: Flame Tongue (safe; 4% risk of failure)
Confirm with . or Enter, or press ? or * to list all spells.
Aiming: Flame Tongue (safe; 4% risk of failure)
Press: ? - help, Shift-Dir - straight line, f/p - centaur zombie
Aim: a centaur zombie (almost destroyed)
The flame tongue hits the centaur zombie.
The centaur zombie is almost destroyed.
The centaur zombie hits you.
You die...

#####
##...##
#.....#
#...M.#
#.....#
#..M..#
#..M..#
#..@..#
#..ZZ.#
#..Z..#
#^..^^#
#.....#
..^....
##.^.^^##
.....^.


You could see 3 mummies, a big kobold zombie and 2 centaur zombies.

Vanquished Creatures
  An orc priest (D:3)
  2 orc wizards (D:3)
  A gnoll (D:2)
  2 adders
  A dart slug (D:1)
  2 leopard geckos
  4 orcs (D:3)
  4 giant cockroaches
  11 goblins
  7 hobgoblins
  4 jackals (D:3)
  10 kobolds
  A quokka (D:3)
  2 ball pythons (D:2)
  5 bats
  2 frilled lizards (D:1)
  7 rats
66 creatures vanquished.

Vanquished Creatures (others)
  4 toadstools (D:1)
4 creatures vanquished.

Grand Total: 70 creatures vanquished

Notes
Turn   | Place    | Note
-------+----------+-------------------------------------------
     0 | D:1      | Fortress the Draconian Fire Elementalist began the quest
                  | for the Orb.
     0 | D:1      | Reached XP level 1. HP: 14/14 MP: 3/3
   246 | D:1      | Reached XP level 2. HP: 17/20 MP: 0/5
   971 | D:1      | Reached XP level 3. HP: 26/26 MP: 4/6
  2218 | D:3      | Reached XP level 4. HP: 32/33 MP: 5/8
  3062 | D:3      | Reached skill level 4 in Fire Magic
  3074 | D:3      | Reached XP level 5. HP: 8/38 MP: 3/10
  3429 | D:4      | Noticed an ogre
  3440 | D:4      | Found a sand-covered staircase.
  3441 | D:4      | Noticed an ogre
  3448 | D:4      | HP: 1/38 [ogre/+0 giant club (23)]
  3450 | Ossuary  | Entered an ossuary
  3458 | Ossuary  | Slain by a centaur zombie

Skill      XL: |  1  2  3  4 |
---------------+-------------+-----
Spellcasting   | 3 |  3.6
Dodging        | 2 |  2.0
Stealth        | 2 |  2.0
Conjurations   | 2 |  2.3
Fire Magic     | 4 |  4.2
Short Blades   | |  0.6

Action                   |  1- 3 |  4- 6 || total
-------------------------+-------+-------++-------
Melee: Short sword       |    46 |       ||    46
       Unarmed           |    10 |       ||    10
       Tailslap          |     2 |     1 ||     3
       Dagger            |     3 |    11 ||    14
 Cast: Flame Tongue      |    62 |    46 ||   108
  Use: Scroll            |       |     7 ||     7
       Potion            |       |     1 ||     1
 Stab: Sleeping          |     1 |       ||     1
  Eat: Chunk             |     1 |     2 ||     3
       Ration            |     1 |     1 ||     2
Armor: Skin              |    19 |     8 ||    27
Dodge: Dodged            |    44 |    20 ||    64
